AoeStats
← l1si

Coastal Forest

512947809Analyzed
2v2 RM · 7d ago on Oct 11, 2026· 55m 40s· 4 players
Game mode
Random Map
Map size
Medium (4 player)
Population
200
Speed
Normal
Resources
Standard
Victory
Conquest
Starting age
Dark Age
Ending age
Imperial Age
RankedLock teamsTeams togetherTeam positionsShared explorationLock speedFull tech treeHidden civsTurbo modeCheats
Victory
Defeat
🇨🇾 Inca · Cyprus
889
+16
🇨🇾 Persians · Cyprus
869
+16
vs
🇫🇷 Sicilians · France
912
-17
🇬🇧 Vietnamese · United Kingdom
847
-15
DonJonSilver
11:12 Feudal Age
9:27 Loom
18:58 Castle Age
17:36 Fishing Lines
20:08 Fletching
20:18 Padded Archer Armor
20:33 Gillnets
21:36 Thumb Ring
21:27 Double-Bit Axe
23:50 Wheelbarrow
24:00 Leather Archer Armor
26:22 Bodkin Arrow
28:22 Ballistics
29:05 Bow Saw
34:03 Horse Collar
42:26 Imperial Age
46:34 Chemistry
45:30 Murder Holes
47:35 Elite Rattan Archer
SHADOWFUX
13:03 Feudal Age
14:59 Wheelbarrow
14:07 Horse Collar
16:12 Arson
21:26 Double-Bit Axe
25:35 Stone Mining
26:18 Scale Mail Armor
26:30 Forging
35:46 Castle Age
33:56 Fishing Lines
37:08 Iron Casting
36:49 Chain Mail Armor
37:37 Gillnets
38:11 Bow Saw
39:03 Heavy Plow
41:40 Hand Cart
50:05 Scale Barding Armor
51:26 Chain Barding Armor
51:14 Husbandry
51:24 Bloodlines
51:05 Light Cavalry
LEO420
11:42 Feudal Age
9:59 Loom
12:05 Champi Runner
15:09 Loom
15:45 Forging
15:37 Scale Mail Armor
17:45 Horse Collar
17:51 Double-Bit Axe
25:21 Castle Age
23:57 Wheelbarrow
23:07 Town Watch
23:30 Gold Mining
25:43 Champi Warrior
26:23 Squires
26:10 Arson
27:11 Iron Casting
26:51 Chain Mail Armor
28:26 Bow Saw
29:39 Heavy Plow
40:58 Town Patrol
41:13 Hand Cart
42:53 Gold Shaft Mining
45:30 Imperial Age
46:46 Elite Champi Warrior
48:09 Fabric Shields
53:57 Blast Furnace
53:27 Plate Mail Armor
54:16 Pikeman
l1si
5:43 Loom
11:10 Feudal Age
12:40 Wheelbarrow
15:39 Wheelbarrow
15:25 Double-Bit Axe
21:42 Horse Collar
26:29 Gold Mining
26:31 Stone Mining
28:45 Castle Age
29:56 Crossbowman
30:18 Elite Skirmisher
32:26 Hand Cart
35:03 Thumb Ring
36:46 Bow Saw
37:21 Gold Shaft Mining
39:36 Imperial Age
39:23 Kamandaran
40:52 Stone Shaft Mining
42:13 Murder Holes
45:42 Conscription
50:54 Heavy Plow
53:56 Two-Man Saw
54:05 Crop Rotation
53:42 Fletching
53:53 Padded Archer Armor
54:05 Forging
54:01 Scale Barding Armor
54:00 Husbandry
55:15 Ballistics
55:56 Chemistry
54:35 Elite War Elephant
Connection lost

Rejoining the realm…

Still unreachable

The connection could not be restored.

Session expired

The server has moved on; the page needs a fresh start.